 Dungeon Crawl Stone Soup version 0.16.1-17-g773cdaf (webtiles) character file.

3269 Rester5115 the Blocker (level 10, -26/63 HPs)
             Began as a Gargoyle Fighter on Apr 23, 2015.
             Was a Priest of Okawaru.
             Killed from afar by Erolcha (41 damage)
             ... with a crystal spear
             ... on level 8 of the Dungeon.
             The game lasted 00:26:24 (5953 turns).

Rester5115 the Blocker (Gargoyle Fighter)           Turns: 5953, Time: 00:26:25

Health: -26/63     AC: 21    Str: 25    XL:     10   Next: 0%
Magic:  9/10       EV: 10    Int: 11    God:    Okawaru [***...]
Gold:   373        SH: 13    Dex: 12    Spells: 0 memorised, 9 levels left

rFire  . . .     SeeInvis .     B - +8 mace "Umoiqisoir" {drain, rN+ Int+2}
rCold  . . .     Clarity  .     F - +2 chain mail {rN+}
rNeg   + + +     SustAb   .     c - +0 shield
rPois  ∞         Gourm    .     (no helmet)
rElec  +         Spirit   .     (no cloak)
rCorr  .         Warding  .     (no gloves)
rMut   .         Stasis   .     (no boots)
MR     .....                    f - amulet of regeneration
Stlth  ..........               (no ring)
                                (no ring)

@: mighty, heroism, slowed, very slow, not resistant to hostile enchantments,
extremely unstealthy
A: negative energy resistance 1, electricity resistance, unbreathing,
petrification resistance, rot immunity, AC +7
a: Heroism, Renounce Religion


You were on level 8 of the Dungeon.
You worshipped Okawaru.
Okawaru was most pleased with you.
You were not hungry.

You visited 2 branches of the dungeon, and saw 9 of its levels.

You collected 373 gold pieces.

Inventory:

Hand weapons
 m - a +0 spear of piercing
 v - a +2 flail of draining
 B - the +8 mace "Umoiqisoir" (weapon) {drain, rN+ Int+2}
   (You found it on level 4 of the Dungeon)

   A truly terrible weapon, it drains the life of those it strikes.
   It affects your intelligence (+2).
   It protects you from negative energy.
Armour
 b - a +0 pair of boots
 c - a +0 shield (worn)
 F - a +2 chain mail of positive energy (worn)
Jewellery
 f - an amulet of regeneration (around neck)
 w - an uncursed amulet of stasis
 A - an uncursed ring of ice
 K - an uncursed amulet of the gourmand
Scrolls
 g - 6 scrolls of remove curse
 n - 4 scrolls of enchant weapon
 p - a scroll of identify
 r - 2 scrolls of teleportation
 t - a scroll of fog
 y - a scroll of amnesia
 D - a scroll of fear
Potions
 a - a potion of agility {unknown}
 h - a potion of magic {unknown}
 i - 2 potions of restore abilities {unknown}
 j - a potion of invisibility {unknown}
 l - 2 potions of haste {unknown}
 o - a potion of ambrosia {unknown}
 x - a potion of berserk rage {unknown}
 z - 2 potions of heal wounds {unknown}
 C - a potion of curing {unknown}
 G - a potion of degeneration {unknown}
Books
 J - a book of Enchantments

   Spells                             Type                      Level
   a - Tukima's Dance                 Hexes                        3
   b - Cause Fear                     Hexes                        4
   c - Silence                        Hexes/Air                    5
   d - Deflect Missiles               Charms/Air                   6
   e - Haste                          Charms                       6
   f - Discord                        Hexes                        8
Comestibles
 d - 8 bread rations
 k - a meat ration
 q - 2 slices of pizza
 s - 2 fruits
 E - a beef jerky
 I - a royal jelly


   Skills:
 + Level 7.4(12.4) Fighting
 + Level 7.9(12.9) Maces & Flails
 + Level 7.9(12.9) Armour
 + Level 8.5(13.5) Shields


You had 9 spell levels left.
You didn't know any spells.

Dungeon Overview and Level Annotations

Branches:
Dungeon (8/15)             Temple (1/1) D:4
   Lair: D:8-11

Altars:
Ashenzari
Cheibriados
Dithmenos
Elyvilon
Fedhas
Gozag
Kikubaaqudgha
Makhleb
Nemelex Xobeh
Okawaru
Qazlal
Ru
Sif Muna
Trog
Vehumet
Xom
Yredelemnul
Zin
The Shining One

Annotations:
D:2 Sigmund
D:8 Erolcha


Innate Abilities, Weirdness & Mutations

You are resistant to torment.
You are immune to poison.
Your stone body is very resilient (AC +7).
You resist negative energy.
You are resistant to electric shocks.
You can survive without breathing.
You are immune to petrification.
You are immune to rotting.


Message History

You feel very mighty all of a sudden. Erolcha gestures at you while chanting.
The bolt of cold hits you!
Erolcha zaps a wand.
You feel as though you will be slow longer.
Erolcha points at you and mumbles some strange words.
The bolt of fire hits you! Erolcha gestures at you while chanting.
The crystal spear hits you!
* * * LOW HITPOINT WARNING * * *
Erolcha zaps a wand.
You easily resist.
You sock Erolcha!
Erolcha is lightly wounded.
Erolcha roars.
You block Erolcha's attack.
You closely miss Erolcha.
Erolcha is lightly wounded.
Erolcha casts a spell at you. The crystal spear hits you!
Ouch! That really hurt!
You die...

#....## #.####
.......##.#..## ###
...............# ##.#
...##.....##.#######..#
###.....#..#....#.# ..#
##....#.......###
....####....#...####.#
.........O..#..## ###
.........@...###
...............##
#....#....#.#...#
##.............#
##.......#..###
...#..........####
#............#.#.#
##..............##
##...........###


You could see Erolcha.

Vanquished Creatures
  The ghost of lorenzova the Chiller, an experienced MfIE (D:5)
  The ghost of SaintRoka the Ruffian, an average NaTm (D:4)
  A hungry ghost (D:7)
  A hippogriff (D:8)
  Edmund (D:7)
  An ice beast (D:5)
  An orc warrior (D:6)
  A phantom (D:6)
  Duvessa (D:7)
  A gnoll sergeant (D:8)
  5 giant frogs
  A scorpion (D:5)
  A wight (D:7)
  Dowan (D:7)
  5 crimson imps
  A giant frog zombie (D:5)
  2 goliath beetles
  4 giant frog skeletons
  A jelly (D:6)
  2 hounds (D:6)
  8 worker ants
  3 orc priests
  9 orc wizards
  3 iguanas
  Ijyb (D:2)
  A hound zombie (D:7)
  A hound skeleton (D:7)
  6 gnolls (D:8)
  12 adders
  2 giant mites
  A worm (D:4)
  2 adder skeletons (D:4)
  An adder zombie (D:5)
  3 giant geckos
  2 oozes
  22 orcs
  A bat zombie (D:7)
  8 giant cockroaches
  11 hobgoblins
  5 jackals
  2 quokkas
  5 ball pythons
  10 bats
  A giant gecko skeleton (D:6)
  9 giant newts
  17 goblins
  10 kobolds
  12 rats
  3 ballistomycetes (D:7)
204 creatures vanquished.

Vanquished Creatures (others)
  A worm (D:2)
  A giant spore (D:7)
2 creatures vanquished.

Grand Total: 206 creatures vanquished

Notes
Turn   | Place    | Note
--------------------------------------------------------------
     0 | D:1      | Rester5115, the Gargoyle Fighter, began the quest for the Orb.
     0 | D:1      | Reached XP level 1. HP: 14/14 MP: 1/1
    86 | D:1      | Reached XP level 2. HP: 19/19 MP: 2/2
   459 | D:2      | Reached XP level 3. HP: 23/23 MP: 3/3
   464 | D:2      | Noticed Ijyb
   487 | D:2      | Killed Ijyb
   487 | D:2      | Reached skill level 4 in Shields
   555 | D:2      | Found a stormy altar of Qazlal.
   579 | D:2      | Reached XP level 4. HP: 29/29 MP: 4/4
   661 | D:2      | Noticed Sigmund
   923 | D:2      | Reached XP level 5. HP: 31/33 MP: 5/5
  1162 | D:3      | Reached skill level 5 in Shields
  1507 | D:3      | Reached XP level 6. HP: 36/38 MP: 6/6
  1725 | D:4      | Noticed SaintRoka's ghost (average NaTm)
  1748 | D:4      | Killed SaintRoka's ghost
  1748 | D:4      | Reached XP level 7. HP: 40/44 MP: 7/7
  2005 | D:4      | Got a warped mace
  2006 | D:4      | Identified the +8 mace "Umoiqisoir" {drain, rN+ Int+2} (You found it on level 4 of the Dungeon)
  2091 | D:4      | Reached skill level 5 in Fighting
  2091 | D:4      | Reached skill level 5 in Armour
  2246 | D:4      | Found a staircase to the Ecumenical Temple.
  2299 | Temple   | Entered the Ecumenical Temple
  2357 | Temple   | Became a worshipper of Warmaster Okawaru
  2686 | D:5      | Entered Level 5 of the Dungeon
  2720 | D:5      | Reached skill level 6 in Shields
  2793 | D:5      | Reached skill level 5 in Maces & Flails
  2803 | D:5      | Reached XP level 8. HP: 46/49 MP: 8/8
  3200 | D:5      | Noticed lorenzova's ghost (experienced MfIE)
  3219 | D:5      | Killed lorenzova's ghost
  3219 | D:5      | Acquired Okawaru's first power
  3567 | D:6      | Reached skill level 7 in Shields
  3819 | D:6      | Reached XP level 9. HP: 55/55 MP: 9/9
  4152 | D:6      | Found a deep blue altar of Sif Muna.
  4838 | D:6      | Found a burning altar of Makhleb.
  5030 | D:7      | Noticed Edmund
  5040 | D:7      | Killed Edmund
  5378 | D:7      | Noticed Duvessa
  5381 | D:7      | Noticed Dowan
  5384 | D:7      | Killed Duvessa
  5387 | D:7      | Killed Dowan
  5463 | D:7      | Reached skill level 8 in Shields
  5865 | D:8      | Reached XP level 10. HP: 61/63 MP: 10/10
  5923 | D:8      | Noticed Erolcha
  5953 | D:8      | Killed from afar by Erolcha

Action                   |  1- 3 |  4- 6 |  7- 9 | 10-12 || total
-------------------------+-------+-------+-------+-------++-------
Melee: Flail             |   112 |   211 |    29 |       ||   352
       Mace              |       |       |   363 |     4 ||   367
Invok: Heroism           |       |       |       |     1 ||     1
  Use: Potion            |       |     1 |       |     1 ||     2
       Scroll            |       |       |    14 |       ||    14
  Eat: Chunk             |       |     3 |     1 |       ||     4
       Meat ration       |       |       |     3 |       ||     3
       Pizza             |       |       |     1 |       ||     1
